 Dungeon Crawl Stone Soup version 0.27.1-33-g824d729ab1 (webtiles) character file.

Game seed: 9310151664368144295

129 snilloc10 the Poker (level 4, -4/37 HPs)
             Began as a Minotaur Gladiator on Nov 29, 2021.
             Was an Initiate of Nemelex Xobeh.
             Slain by a hobgoblin (5 damage)
             ... on level 3 of the Dungeon.
             The game lasted 00:07:00 (2240 turns).

snilloc10 the Poker (Minotaur Gladiator)            Turns: 2240, Time: 00:07:03

Health: -4/37      AC:  4    Str: 18    XL:     4   Next: 88%
Magic:  3/3        EV: 13    Int:  5    God:    Nemelex Xobeh [......]
Gold:   66         SH:  0    Dex: 13    Spells: 3/3 levels left

rFire    . . .     SeeInvis .   a - +0 trident
rCold    . . .     Faith    .   (no shield)
rNeg     . . .     Spirit   .   b - +0 leather armour
rPois    .         Reflect  .   c - +0 hat
rElec    .         Harm     .   s - +0 cloak
rCorr    .         Rampage  .   (no gloves)
Will     .....                  (no boots)
Stlth    +.........             (no amulet)
HPRegen  0.12/turn              (no ring)
MPRegen  0.08/turn              (no ring)

@: no status effects
A: horns 2, retaliatory headbutt
a: Renounce Religion, Draw Escape, Draw Destruction, Draw Summoning


You were on level 3 of the Dungeon.
You worshipped Nemelex Xobeh.
Nemelex Xobeh was noncommittal.
You visited 1 branch of the dungeon, and saw 4 of its levels.

You collected 66 gold pieces.

Inventory:

Hand Weapons
 a - a +0 trident (weapon)
 i - a +0 short sword of protection
Missiles
 m - 2 throwing nets (quivered)
Armour
 b - a +0 leather armour (worn)
 c - a +0 hat (worn)
 s - a +0 cloak (worn)
Jewellery
 l - a ring of flight
Scrolls
 d - a scroll of vulnerability {unknown}
 e - a scroll of teleportation {unknown}
 g - 2 scrolls of holy word {unknown}
 n - a scroll of enchant armour {unknown}
 o - a scroll of summoning {unknown}
 p - a scroll of enchant weapon {unknown}
 r - a scroll of immolation {unknown}
Potions
 f - a potion of attraction {unknown}
 h - a potion of curing {unknown}
 j - a potion of haste {unknown}
 k - 3 potions of lignification {unknown}
 q - a potion of degeneration {unknown}


   Skills:
 - Level 2.6 Fighting
 * Level 5.8 Polearms
 - Level 2.0 Throwing
 + Level 4.4 Dodging


You had 3 spell levels left.
You didn't know any spells.
Your spell library was empty.

Dungeon Overview and Level Annotations

Branches:
Dungeon (4/15)
 Temple: D:4-7

Altars:
Fedhas
Nemelex Xobeh


Innate Abilities, Weirdness & Mutations

You have a pair of horns on your head.
You reflexively headbutt those who attack you in melee.


Message History

The ball python constricts you.
Reach: a) +0 trident
Press: ? - help, Dir - move target, f - ball python
Aim: a ball python (constricting you, about 45% to evade your +0 trident)
Okay, then.
You escape the ball python's grasp.
The orc wizard misses you. The ball python closely misses you.
You furiously retaliate!
You headbutt the ball python. The ball python completely misses you.
You closely miss the orc wizard. Your headbutt misses the orc wizard.
The orc wizard is lightly wounded.
The orc wizard closely misses you. The ball python barely misses you.
The ball python closely misses you.
You hit the orc wizard.
The orc wizard is moderately wounded.
The ball python barely misses you. You furiously retaliate!
You headbutt the ball python!
You kill the ball python!
The orc wizard hits you but does no damage.
You puncture the orc wizard! Your headbutt misses the orc wizard.
The orc wizard is severely wounded.
The orc wizard closely misses you.
You miss the orc wizard. You headbutt the orc wizard.
The orc wizard is almost dead.
The orc wizard hits you with a +0 dagger.
* * * LOW HITPOINT WARNING * * *
You hit the orc wizard.
You kill the orc wizard!
You start resting.
A hobgoblin comes into view. It is wielding a +0 club.
There is a stone staircase leading down here.
You climb downwards.
There is a stone staircase leading up here.
A jelly is nearby!
The jelly hits you.
* * * LOW HITPOINT WARNING * * *
You are splashed with acid!
* * * LOW HITPOINT WARNING * * *
You climb upwards.
The hobgoblin hits you with a +0 club.
You die...
Your body disappears without a glow.

#.........#####
########.........#
#.# #.........#
#.######.........#
#.#...)#.........#
#.#....####......#
#.#....# #...#####
###.#....###.#####
...............J@#
###......##..###g#
##.######......#
#.## #......# #..#
#......#
###.#####......#
#......##......#
#......##......#
#......##......#


You could see a jelly and a hobgoblin.

Vanquished Creatures
  An orc wizard (D:3)
  4 adders (D:2)
  2 worms
  A dart slug (D:1)
  2 orcs (D:3)
  4 bats
  4 endoplasms (D:2)
  4 giant cockroaches
  6 goblins
  5 hobgoblins
  5 jackals
  4 kobolds
  A quokka (D:2)
  6 ball pythons
  6 rats
55 creatures vanquished.

Notes
Turn   | Place    | Note
-------+----------+-------------------------------------------
     0 | D:1      | snilloc10 the Minotaur Gladiator began the quest for the
                  | Orb.
     0 | D:1      | Reached XP level 1. HP: 18/18 MP: 0/0
    50 | D:1      | Noticed a great orb of eyes
    57 | D:1      | Noticed a floating eye
    59 | D:1      | Found a faded altar of an unknown god.
    61 | D:1      | Noticed a golden eye
    61 | D:1      | Noticed a floating eye
   165 | D:1      | Reached XP level 2. HP: 24/25 MP: 1/1
   214 | D:1      | Reached skill level 4 in Polearms
   803 | D:2      | Found a blossoming altar of Fedhas.
   807 | D:2      | Reached XP level 3. HP: 21/30 MP: 2/2
  1129 | D:2      | Reached skill level 5 in Polearms
  1468 | D:2      | Reached XP level 4. HP: 31/37 MP: 3/3
  1890 | D:3      | Found a sparkling altar of Nemelex Xobeh.
  1896 | D:3      | Became a worshipper of Nemelex Xobeh the Trickster
  2239 | D:4      | HP: 1/37 [acid (10)]
  2240 | D:3      | Slain by a hobgoblin

Illustrated notes

Levels and vault maps discovered:
D:1:      zelgadis_glass_arrival_small, layout_basic,
          hellmonk_ecumenical_altar_watching_god, serial_bayou_pond_a,
          serial_park_tiny_pond, minmay_misc_feat_roman
D:2:      layout_rooms, basic_altar
D:3:      layout_basic, mainiacjoe_overflow_alcove_2, lemuel_flame_loot_1
D:4:      layout_loops_ring, lemuel_coloured_pillars_altar,
          mainiacjoe_overflow_small_starburst, eino_tiny_chamber

Skill      XL: |  1  2  3 |
---------------+----------+-----
Polearms       | 4 5 |  5.8
Dodging        | 4 |  4.4
Fighting       | |  2.6
Throwing       | |  2.0

Action                   |  1- 3 |  4- 6 || total
-------------------------+-------+-------++-------
Melee: Trident           |    85 |    42 ||   127
       Headbutt          |    11 |     8 ||    19
Throw: Throwing net      |     3 |     1 ||     4
Armor: Leather armour    |    12 |     8 ||    20
Dodge: Dodged            |    40 |    24 ||    64
